 Dungeon Crawl Stone Soup version 0.31-a0-977-gc230f8ef24 (webtiles) character file.

Game seed: 1906703732334277937

72 Dordric the Changeling (level 4, -1/32 HPs)
             Began as a Demonspawn Shapeshifter on Oct 30, 2023.
             Slain by a gnoll
             ... wielding a +0 halberd
              (8 damage)
             ... on level 2 of the Dungeon.
             The game lasted 00:01:14 (1568 turns).

Dordric the Changeling (Demonspawn Shapeshifter)    Turns: 1568, Time: 00:01:15

Health: -1/32      AC:  5    Str: 16    XL:     4   Next: 7%
Magic:  4/4        EV: 11    Int: 11    God:
Gold:   108        SH:  0    Dex: 16    Spells: 3/3 levels left

rFire   . . .        o - +5 dagger "Hell-Harrower" {freeze, Dex+3}
rCold   . . .        (no shield)
rNeg    . . .        l - +0 ring mail
rPois   .            (helmet currently unavailable)
rElec   .            (cloak currently unavailable)
rCorr   .            (gloves currently unavailable)
SInv    .            (boots currently unavailable)
Will    .....        (no amulet)
Stlth   +            (no ring)
HPRegen 0.25/turn    (no ring)
MPRegen 0.09/turn

%: no passive effects
@: beast-form
A: beast (slay +2), antennae 2
a: Begin Untransformation


You were on level 2 of the Dungeon.
You were a hulking beast.
You visited 1 branch of the dungeon, and saw 2 of its levels.

You collected 108 gold pieces.

Inventory:

Hand Weapons
 o - the +5 dagger "Hell-Harrower" (weapon) {freeze, Dex+3}
   (You found it on level 2 of the Dungeon)

   Dex+3:     It affects your dexterity (+3).
Missiles
 n - a throwing net
Armour
 a - a +0 animal skin
 l - a +0 ring mail (worn)
Talismans
 c - a beast talisman
 d - a flux talisman
Scrolls
 f - a scroll of poison {unknown}
 h - 2 scrolls of blinking {unknown}
 m - 2 scrolls of identify {unknown}
 p - a scroll of amnesia {unknown}
 t - a scroll of fear {unknown}
Potions
 b - a potion of lignification
 e - a potion of degeneration {unknown}
 g - a potion of resistance {unknown}
 i - a potion of heal wounds {unknown}
 j - a potion of magic {unknown}
 k - a potion of enlightenment {unknown}
 q - a potion of curing {unknown}
 r - a potion of brilliance {unknown}
 s - a potion of berserk rage {unknown}


   Skills:
 - Level 1.0 Fighting
 - Level 1.7 Dodging
 - Level 2.6 Unarmed Combat
 + Level 4.3 Shapeshifting


You had 3 spell levels left.
You didn't know any spells.
Your spell library was empty.

Dungeon Overview and Level Annotations

Branches:
Dungeon (2/15)

Altars:


Innate Abilities, Weirdness & Mutations

You are a hulking beast.
Your limbs bulge with bestial killing power. (Slay +2)
You have a pair of antennae on your head.


Message History

No target in view!
You see here a bat corpse.
t - a scroll labelled VEKOKKYTZU 2 gnolls come into view.
A gnoll is wielding a +0 halberd.
The gnoll shouts! x2
There are monsters nearby!
A gnoll comes into view. It is wielding a +0 club.
The gnoll throws a throwing net.
The throwing net hits you.
You become entangled in the net!
You see here a throwing net.
You are held in a net!
You are held in a net!
You are held in a net!
You are held in a net!
You are held in a net!
You are held in a net!
You are held in a net!
You are held in a net!
You are held in a net!
You are held in a net!
You are held in a net!
You are held in a net!
You are held in a net!
You are held in a net!
You are held in a net!
You are held in a net!
You are held in a net!
You are held in a net!
You are held in a net!
You tear a large gash into the net.
The gnoll hits you from afar with a +0 halberd!
You struggle against the net.
The gnoll barely misses you.
You struggle against the net.
The gnoll hits you from afar with a +0 halberd!
You rip the net and break free!
The gnoll hits you from afar with a +0 halberd!
* * * LOW HITPOINT WARNING * * *
The gnoll barely misses you.
You completely miss the gnoll. The gnoll hits you with a +0 halberd!
You die...

#.####
######..###.# .#
.. #.##.# #..#
.# #
#....########..#
..
####†..........+
#..........#
#..........#
#.########.# #.#
#.# ..# #h# ####
#g# #g# #g# #.#
#.# #.. ###


You could see 3 gnolls.

Vanquished Creatures
  3 gnolls (D:2)
  5 ball pythons
  3 bats
  5 endoplasms
  2 giant cockroaches (D:1)
  4 hobgoblins
  4 jackals (D:1)
  4 kobolds
  A quokka (D:2)
  A frilled lizard (D:2)
  2 goblins (D:1)
  3 rats
37 creatures vanquished.

Notes
Turn   | Place    | Note
-------+----------+-------------------------------------------
     0 | D:1      | Dordric the Demonspawn Shapeshifter began the quest for the
                  | Orb.
     0 | D:1      | Reached XP level 1. HP: 15/15 MP: 1/1
    97 | D:1      | Reached skill level 3 in Shapeshifting
   131 | D:1      | Gained mutation: You have a pair of small antennae on your
                  | head. [demonic ancestry]
   131 | D:1      | Reached XP level 2. HP: 17/21 MP: 2/2
   845 | D:1      | Gained mutation: You have a pair of antennae on your head.
                  | [demonic ancestry]
   845 | D:1      | Reached XP level 3. HP: 24/26 MP: 3/3
  1007 | D:2      | Identified the "Luano"
  1088 | D:2      | Reached skill level 4 in Shapeshifting
  1280 | D:2      | Reached XP level 4. HP: 32/32 MP: 4/4
  1305 | D:2      | Identified the +5 dagger "Hell-Harrower" {freeze, Dex+3}
  1568 | D:2      | Slain by a gnoll

Illustrated notes

Levels and vault maps discovered:
D:1:      denvon_arrival_planthouse, layout_basic, chequers_jeans
D:2:      layout_basic, minmay_tetromino_s4

Skill      XL: |  1  2  3 |
---------------+----------+-----
Shapeshifting  | 3 4 |  4.3
Fighting       | |  1.0
Dodging        | |  1.7
Unarmed Combat | |  2.6

Action                     |  1- 3 |  4- 6 || total
---------------------------+-------+-------++-------
  Melee: Unarmed           |   105 |       ||   105
         Punch             |     1 |     1 ||     2
         Dagger            |       |    10 ||    10
 Armour: Animal skin       |    31 |       ||    31
         Ring mail         |    14 |     6 ||    20
  Dodge: Dodged            |    55 |     8 ||    63

Table legend: (Time is in decaauts)
 A = Elapsed time spent in this place.
 B = Non-inter-level travel time spent in this place.
 C = Inter-level travel time spent in this place.
 D = Time resting spent in this place.
 E = Time spent auto-exploring this place.
 F = Levels seen in this place.
 G = Mean time per level.
                   A        B        C        D        E       F      G
               +--------+--------+--------+--------+--------+-----+--------+
         Total |   1561 |   1527 |     34 |      0 |   1260 |   2 |  780.5 |
       Dungeon |   1561 |   1527 |     34 |      0 |   1260 |   2 |  780.5 |
               +--------+--------+--------+--------+--------+-----+--------+

Top non-repeatable levels by time:
     D:1: 1003 daAuts
     D:2: 558 daAuts
